 Dungeon Crawl Stone Soup version 0.23.1 (webtiles) character file.

Game seed: 722177944276124617

1701 Xenon25 the Grappler (level 8, -1/78 HPs)
             Began as a Troll Berserker on Mar 13, 2019.
             Was a Priest of Trog.
             Slain by esteth's ghost (11 damage)
             ... on level 5 of the Dungeon.
             The game lasted 00:07:42 (4544 turns).

Xenon25 the Grappler (Troll Berserker)              Turns: 4544, Time: 00:07:43

Health: -1/78      AC:  6    Str: 28    XL:     8   Next: 73%
Magic:  7/7        EV: 11    Int:  3    God:    Trog [***...]
Gold:   319        SH:  0    Dex:  9    Spells: 7/7 levels left

rFire    . . .     SeeInvis .     - Unarmed
rCold    . . .     Gourm    +   (no shield)
rNeg     . . .     Faith    .   a - +0 animal skin
rPois    .         Spirit   .   (helmet restricted)
rElec    .         Reflect  .   (no cloak)
rCorr    .         Harm     .   (gloves unavailable)
MR       ++...                  (boots unavailable)
Stlth    +.........             (no amulet)
HPRegen  1.63/turn              (no ring)
MPRegen  0.10/turn              (no ring)

@: berserk cooldown, regenerating, slowed, very slow
A: large, unfitting armour, claws 3, fast metabolism 3, gourmand, regeneration
1, shaggy fur 1, tough skin 3
a: Berserk, Trog's Hand, Renounce Religion


You were on level 5 of the Dungeon.
You worshipped Trog.
Trog was most pleased with you.
You were near starving.

You visited 1 branch of the dungeon, and saw 5 of its levels.
You also visited: Sewer.

You collected 319 gold pieces.

Inventory:

Armour
 a - a +0 animal skin (worn)
Jewellery
 f - a cursed -2 ring of protection {unknown}
Wands
 n - a wand of random effects (12)
 v - a wand of acid (6)
Scrolls
 d - 3 scrolls of remove curse {unknown}
 h - a scroll of noise {unknown}
 i - 2 scrolls of enchant weapon {unknown}
 j - 3 scrolls of identify {unknown}
 k - 4 scrolls of magic mapping {unknown}
 o - a scroll of fear {unknown}
 p - a scroll of fog {unknown}
 r - a scroll of immolation {unknown}
 u - 2 scrolls of teleportation {unknown}
Potions
 c - a potion of haste {unknown}
 e - a potion of curing
 g - a potion of lignification {unknown}
 l - a potion of ambrosia {unknown}
 m - 2 potions of magic {unknown}
 q - 2 potions of heal wounds {unknown}
 s - a potion of brilliance {unknown}
 t - a potion of mutation {unknown}
 w - 2 potions of flight {unknown}
 x - a potion of might {unknown}
Comestibles
 b - 10 rations


   Skills:
 + Level 3.8 Fighting
 + Level 5.3 Dodging
 + Level 1.1 Stealth
 + Level 9.2 Unarmed Combat


You had 7 spell levels left.
You didn't know any spells.
Your spell library was empty.

Dungeon Overview and Level Annotations

Branches:
Dungeon (5/15)
 Temple: D:4-7

Altars:
Kikubaaqudgha
Okawaru
Trog
Xom
The Shining One

Shops:
D:5 %

Annotations:
D:2 Natasha
D:5 Ancalimex's ghost, novice DgIE; Stil's ghost, novice OpTm; esteth's ghost, novice MiBe


Innate Abilities, Weirdness & Mutations

You are too large for most types of armour.
You have claws for hands.
Your metabolism is lightning-fast.
You like to eat raw meat.
Your natural rate of healing is unusually fast.
You are covered in fur. (AC +1)
You have extremely tough skin. (AC +3)


Message History

You are too injured to fight recklessly!
You are too injured to fight recklessly!
You completely miss Stil's ghost.
You are no longer berserk.
You are exhausted.
You feel yourself slow down. Esteth's ghost hits you!
* * * LOW HITPOINT WARNING * * *
You feel the effects of Trog's Hand fading.
It was a potion of curing.
You feel better. Esteth's ghost hits you!
* * * LOW HITPOINT WARNING * * *
Ancalimex's ghost hits you.
* * * LOW HITPOINT WARNING * * *
Esteth's ghost barely misses you.
You feel better. Stil's ghost barely misses you.
Ancalimex's ghost casts a spell at you. The puff of frost hits you!
* * * LOW HITPOINT WARNING * * *
Esteth's ghost hits you!
You die...

#.#.........########.#.##.#.#...
#.#.###...#..........#.##.#.#...
#.#.###..##.....######.##.#.#...
#.#.............######..........
#.#####...##............^...##..
#..........#.#..##..............
#.#####...(#.#..#..|........###.
##.# #....#.#..#...........###.
##.# #....#.#W@#...............
##.#####[##....WW#...............
##....).)........................
##.#####)...........###.##.......
##.# #............###.##...#+#.
##(### #..####'''####...##...#.#.
.....# #..#?........#.#.##...#.#.
##.#####..#8.......8#.#.##...#.#.
..........#(........#........#.#.


You could see Ancalimex's ghost, Stil's ghost and esteth's ghost.

Vanquished Creatures
  The ghost of coffeespoons the Skirmisher, a novice OpGl of Gozag (D:5)
  Sigmund (D:2)
  The ghost of kalagan the Digger, an amateur DEEE (D:3)
  Menkaure (D:5)
  2 ice beasts (D:5)
  An ogre (D:4)
  A centaur (D:5)
  A big kobold (Sewer)
  A hound (D:5)
  A jelly (D:5)
  4 orc wizards
  A centaur zombie (D:5)
  Terence (D:3)
  2 iguanas (D:5)
  Natasha (twice) (D:2)
  3 worker ants (D:5)
  4 gnolls (D:4)
  7 adders
  2 river rats (Sewer)
  An ooze (D:4)
  4 worms
  2 dart slugs
  3 leopard geckos
  12 orcs
  12 bats
  4 giant cockroaches
  11 goblins
  4 hobgoblins
  9 jackals
  3 quokkas
  A ball python (D:2)
  2 frilled lizards
  8 kobolds
  A quokka skeleton (D:5)
  2 quokka zombies (D:5)
  7 rats
123 creatures vanquished.

Notes
Turn   | Place    | Note
-------+----------+-------------------------------------------
     0 | D:1      | Xenon25 the Troll Berserker began the quest for the Orb.
     0 | D:1      | Reached XP level 1. HP: 22/22 MP: 0/0
   152 | D:1      | Reached XP level 2. HP: 28/29 MP: 1/1
   703 | D:2      | Noticed Natasha
   712 | D:2      | Killed Natasha
   712 | D:2      | Reached XP level 3. HP: 23/36 MP: 2/2
   793 | D:2      | Reached ** piety under Trog
   916 | D:2      | Reached skill level 4 in Unarmed Combat
   916 | D:2      | Reached XP level 4. HP: 44/44 MP: 3/3
   950 | D:2      | Noticed Natasha
   957 | D:2      | Killed Natasha
  1131 | D:2      | Found a shimmering altar of Xom.
  1139 | D:2      | Found a glowing golden altar of the Shining One.
  1246 | D:2      | Noticed Sigmund
  1260 | D:2      | Killed Sigmund
  1260 | D:2      | Reached skill level 5 in Unarmed Combat
  1260 | D:2      | Reached XP level 5. HP: 12/53 MP: 4/4
  1260 | D:2      | Reached XP level 6. HP: 14/61 MP: 5/5
  1357 | D:2      | Noticed Natasha
  1601 | D:3      | Found a bloodstained altar of Trog.
  1676 | D:3      | Noticed Terence
  1684 | D:3      | Killed Terence
  1791 | D:3      | Found a large runed translucent door.
  1791 | D:3      | Found a large runed translucent door.
  1793 | D:3      | Noticed kalagan's ghost (amateur DEEE)
  2243 | D:3      | Killed kalagan's ghost
  2243 | D:3      | Reached skill level 6 in Unarmed Combat
  2347 | D:4      | Found an iron altar of Okawaru.
  2375 | D:4      | Reached XP level 7. HP: 67/67 MP: 6/6
  2993 | D:4      | Reached *** piety under Trog
  3077 | D:5      | Entered Level 5 of the Dungeon
  3107 | D:5      | Found a runed translucent gate.
  3120 | D:5      | Reached skill level 7 in Unarmed Combat
  3121 | D:5      | Found a runed translucent gate.
  3126 | D:5      | Found a runed translucent gate.
  3127 | D:5      | Noticed coffeespoons's ghost (novice OpGl)
  3127 | D:5      | Noticed Ancalimex's ghost (novice DgIE)
  3127 | D:5      | Noticed esteth's ghost (novice MiBe)
  3127 | D:5      | Noticed Stil's ghost (novice OpTm)
  3312 | D:5      | Found Sezerroq's Food Shoppe.
  3336 | D:5      | Found a glowing drain.
  3361 | Sewer    | Entered a sewer
  3463 | Sewer    | Found a white marble altar of Elyvilon.
  3524 | D:5      | Found an ancient bone altar of Kikubaaqudgha.
  3642 | D:5      | Reached XP level 8. HP: 57/75 MP: 7/7
  3667 | D:5      | Reached skill level 8 in Unarmed Combat
  4072 | D:5      | Noticed Menkaure
  4087 | D:5      | Killed Menkaure
  4087 | D:5      | Reached skill level 5 in Dodging
  4532 | D:5      | Killed coffeespoons's ghost
  4532 | D:5      | Reached skill level 1 in Stealth
  4532 | D:5      | Reached skill level 9 in Unarmed Combat
  4544 | D:5      | Slain by esteth's ghost

Skill      XL: |  1  2  3  4  5  6  7  8 |
---------------+-------------------------+-----
Dodging        | 3 4 5 |  5.3
Unarmed Combat | 4 5 6 7 9 |  9.2
Fighting       | 3 |  3.8
Stealth        | 1 |  1.1

Action                   |  1- 3 |  4- 6 |  7- 9 || total
-------------------------+-------+-------+-------++-------
Melee: Unarmed           |    87 |   126 |   152 ||   365
       Punch             |       |     2 |     5 ||     7
Invok: Trog's Hand       |       |     3 |     7 ||    10
       Berserk           |       |     2 |     5 ||     7
  Use: Potion            |       |       |     2 ||     2
  Eat: Chunk             |     9 |    20 |    19 ||    48
Armor: Animal skin       |    35 |    49 |    42 ||   126
Dodge: Dodged            |    56 |    70 |    89 ||   215
